 Dungeon Crawl Stone Soup version 0.21-a0-426-g98080a9 (webtiles) character file.

1836 kae the Cleaver (level 8, -1/74 HPs)
             Began as a Deep Dwarf Fighter on Nov 6, 2017.
             Was a Follower of Makhleb.
             Slain by an orc warrior
             ... wielding a +0 war axe
              (14 damage)
             ... on level 7 of the Dungeon.
             The game lasted 00:06:46 (6168 turns).

kae the Cleaver (Deep Dwarf Fighter)                Turns: 6168, Time: 00:06:46

Health: -1/74      AC: 12    Str: 22    XL:     8   Next: 87%
Magic:  6/6        EV:  8    Int:  9    God:    Makhleb [*.....]
Gold:   367        SH: 10    Dex: 12    Spells: 7/7 levels left

rFire    . . .     SeeInvis .   d - +0 war axe
rCold    . . .     Gourm    .   c - +0 shield
rNeg     . . .     Faith    .   b - +0 scale mail
rPois    .         Spirit   .   s - +1 helmet
rElec    .         Reflect  .   (no cloak)
rCorr    .         Harm     .   z - +1 pair of gloves
MR       +....                  (no boots)
Stlth    ..........             o - amulet of rage
HPRegen  0.00/turn              l - ring of loudness (curse)
MPRegen  0.10/turn              y - ring of loudness (curse)

@: non-regenerating, studying Evocations
A: damage resistance, heal wounds, sense surroundings 1, no regeneration
a: Heal Wounds, Renounce Religion, Evoke Berserk Rage


You were on level 7 of the Dungeon.
You worshipped Makhleb.
Makhleb was aware of your devotion.
You were not hungry.

You visited 1 branch of the dungeon, and saw 7 of its levels.

You collected 367 gold pieces.

Inventory:

Hand Weapons
 a - a +0 war axe
 d - a +0 war axe (weapon)
Armour
 b - a +0 scale mail (worn)
 c - a +0 shield (worn)
 s - a +1 helmet (worn)
 z - a +1 pair of gloves (worn)
Jewellery
 l - a cursed ring of loudness (left hand)
 o - an amulet of rage (around neck)
 q - an uncursed ring of protection from magic
 y - a cursed ring of loudness (right hand)
Wands
 u - a wand of flame (13/48)
 B - a wand of iceblast (9/15)
Scrolls
 g - 3 scrolls of teleportation
 n - a scroll of fear
 p - 3 scrolls of identify
 r - a scroll of remove curse {unknown}
Potions
 i - a potion of might
 k - 2 potions of mutation
 m - a potion of resistance
 v - a potion of berserk rage
 w - a potion of curing
 x - a potion of ambrosia
Books
 e - a manual of Evocations
Comestibles
 f - 2 bread rations
 h - a meat ration
 j - 3 fruits


   Skills:
 + Level 5.3 Fighting
 * Level 8.3 Axes
 + Level 6.5 Armour
 + Level 6.5 Shields


You had 7 spell levels left.
You didn't know any spells.

Dungeon Overview and Level Annotations

Branches:
Dungeon (7/15)             Temple (0/1) D:4

Altars:
Elyvilon
Makhleb
Sif Muna
Trog
Wu Jian


Innate Abilities, Weirdness & Mutations

You are resistant to damage.
You can heal yourself by infusing magical energy.
You passively map a small area around you.
You do not regenerate.


Message History

You kill the orc!
Makhleb accepts your kill.
You feel better.
You hit the orc warrior. You barely miss the orc warrior.
The orc warrior is moderately wounded.
The orc warrior hits you with a war axe!
You hit the orc warrior but do no damage.
The orc warrior is moderately wounded.
You block the orc warrior's attack.
You slash the orc warrior!
The orc warrior is almost dead.
The orc warrior closely misses you.
You closely miss the orc warrior.
The orc warrior is almost dead.
The orc warrior hits you with a war axe!
* * * LOW HITPOINT WARNING * * *
You hit the orc warrior.
The orc warrior is almost dead.
The orc warrior hits you with a war axe!
You die...

#.#, #.# *, , ,
#.# , #.# * *
#.#.# * , #.#.#,
#* , #######.#.#
.# , ,
......o<#.#..#
***,
..######@#.#..# ,
........).....#
...#####)#..#.##.
,,
,................
, ,
⌠...####.#....###
, * , , #.#....#
* , .......... ,
####....###
*....#


You could see an orc warrior.

Vanquished Creatures
  Sigmund (D:6)
  An orc warrior (D:6)
  A black bear (D:6)
  2 sky beasts (D:6)
  2 phantoms
  An ogre (D:4)
  A centaur (D:6)
  2 bullfrogs
  2 scorpions
  A centaur zombie (D:5)
  2 crimson imps
  A quasit (D:6)
  3 orc priests
  A hound (D:6)
  3 iguanas
  Natasha (thrice) (D:4)
  4 orc wizards
  4 worker ants
  A hound skeleton (D:4)
  5 adders
  A shadow imp (D:6)
  An adder zombie (D:6)
  An adder skeleton (D:4)
  2 worms
  A dart slug (D:1)
  5 leopard geckos
  12 orcs
  5 giant cockroaches
  3 goblins
  6 hobgoblins
  10 jackals
  5 kobolds
  4 quokkas
  4 ball pythons
  5 bats
  11 frilled lizards
  A leopard gecko zombie (D:5)
  11 rats
129 creatures vanquished.

Notes
Turn   | Place    | Note
-------+----------+-------------------------------------------
     0 | D:1      | kae the Deep Dwarf Fighter began the quest for the Orb.
     0 | D:1      | Reached XP level 1. HP: 20/20 MP: 1/1
   244 | D:1      | Reached XP level 2. HP: 24/27 MP: 2/2
   608 | D:1      | Reached skill level 3 in Axes
   615 | D:1      | Reached XP level 3. HP: 28/33 MP: 3/3
  1088 | D:2      | Found a bloodstained altar of Trog.
  1166 | D:2      | Found an ornate altar of the Wu Jian Council.
  1551 | D:3      | Reached XP level 4. HP: 26/42 MP: 4/4
  2560 | D:4      | Reached skill level 4 in Axes
  2560 | D:4      | Reached XP level 5. HP: 24/49 MP: 5/5
  2633 | D:4      | Noticed an ogre
  2636 | D:4      | Killed an ogre
  2693 | D:4      | Found a burning altar of Makhleb.
  2812 | D:4      | Reached XP level 6. HP: 26/56 MP: 6/6
  2884 | D:4      | Became a worshipper of Makhleb the Destroyer
  2923 | D:4      | Noticed Natasha
  2934 | D:4      | Killed Natasha
  3079 | D:4      | Found a staircase to the Ecumenical Temple.
  3162 | D:4      | Reached skill level 5 in Axes
  3276 | D:4      | Noticed Natasha
  3286 | D:4      | Killed Natasha
  3292 | D:4      | Found a deep blue altar of Sif Muna.
  3426 | D:4      | Noticed Natasha
  3436 | D:4      | Killed Natasha
  3519 | D:4      | Reached XP level 7. HP: 40/64 MP: 6/6
  3593 | D:5      | Entered Level 5 of the Dungeon
  3599 | D:5      | Reached skill level 5 in Armour
  3611 | D:5      | Reached skill level 5 in Shields
  3650 | D:5      | Found a white marble altar of Elyvilon.
  4119 | D:5      | Reached skill level 6 in Axes
  4263 | D:5      | Reached * piety under Makhleb
  4834 | D:6      | HP: 2/66 [orc warrior/halberd (15)]
  4858 | D:6      | Reached XP level 8. HP: 14/73 MP: 7/7
  5169 | D:6      | Reached skill level 7 in Axes
  5526 | D:6      | Reached skill level 5 in Fighting
  5622 | D:6      | Noticed Sigmund
  5635 | D:6      | Killed Sigmund
  5635 | D:6      | Reached skill level 8 in Axes
  6168 | D:7      | Slain by an orc warrior

Vault maps used:
D:1:      dpeg_arrival_three_smaller_balls, minmay_liquid_box
D:2:      lemuel_round_altar, bloody_trog
D:3:      grunt_decor_mini_mirrors
D:4:      overflow_temple_1_default, minmay_temple_entry_fiery,
          lemuel_blue_sif_altar, uniq_natasha
D:5:      nicolae_overflow_crystal_walls, first_bread
D:6:      minmay_checkerbox, uniq_sigmund
D:7:      minitemple, kennysheep_mini, serial_shops, shop_coins,
          solitary_fountain, uniq_prince_ribbit1

Skill      XL: |  1  2  3  4  5  6  7  8 |
---------------+-------------------------+-----
Axes           | 3 4 5 6 8 |  8.3
Fighting       | 3 4 5 |  5.3
Armour         | 4 5 6 |  6.5
Shields        | 4 5 6 |  6.5

Action                   |  1- 3 |  4- 6 |  7- 9 || total
-------------------------+-------+-------+-------++-------
Melee: War axe           |   137 |   150 |   238 ||   525
 Abil: Heal Wounds       |       |     4 |     5 ||     9
  Use: Scroll            |     4 |     2 |    10 ||    16
       Potion            |       |     1 |     3 ||     4
 Stab: Invisible         |       |       |     2 ||     2
  Eat: Chunk             |     2 |     6 |    10 ||    18
Armor: Scale mail        |    66 |    55 |   123 ||   244
Dodge: Dodged            |    36 |    41 |    70 ||   147
Block: Shield            |    73 |    78 |   131 ||   282

Table legend:
 A = Spawn XP
 B = Non-spawn XP
 C = Spawn XP percentage of total XP
 D = Spawn monster count
 E = Non-spawn monster count
 F = Spawn count percentage of total count
 G = Total turns spent on level
                    A         B        C        D         E        F      G
               +---------+---------+-------+---------+---------+-------+---------
         Total |       0 |    2623 |   0.0 |       0 |     129 |   0.0 |  6168
               +---------+---------+-------+---------+---------+-------+---------
           D:1 |       0 |      45 |   0.0 |       0 |      28 |   0.0 |  1072
           D:2 |       0 |      21 |   0.0 |       0 |       6 |   0.0 |   434
           D:3 |       0 |      55 |   0.0 |       0 |      27 |   0.0 |   962
           D:4 |       0 |     624 |   0.0 |       0 |      23 |   0.0 |  1125
           D:5 |       0 |     374 |   0.0 |       0 |      14 |   0.0 |  1018
           D:6 |       0 |    1331 |   0.0 |       0 |      26 |   0.0 |  1514
           D:7 |       0 |     173 |   0.0 |       0 |       5 |   0.0 |    43
               +---------+---------+-------+---------+---------+-------+---------
